 Dungeon Crawl Stone Soup version 0.17-a0-1954-g0dddeaa (webtiles) character file.

14261 HungrySpirit the Grappler (level 12, -7/103 HPs)
             Began as a Naga Transmuter on Oct 3, 2015.
             Was a High Priest of Cheibriados.
             Mangled by a sixfirhy (9 damage)
             ... summoned by Frances
             ... on level 13 of the Dungeon.
             The game lasted 00:36:40 (12566 turns).

HungrySpirit the Grappler (Naga Transmuter)        Turns: 12566, Time: 00:36:41

Health: -7/103     AC: 10    Str: 26    XL:     12   Next: 14%
Magic:  12/19      EV: 11    Int: 27    God:    Cheibriados [*****.]
Gold:   574        SH:  0    Dex: 23    Spells: 6 memorised, 1 level left

rFire  + . .     SeeInvis +       - Unarmed
rCold  . . .     Clarity  .     i - +0 troll leather armour
rNeg   . . .     SustAt   .     (no shield)
rPois  +         Gourm    .     (no helmet)
rElec  .         Spirit   .     t - +2 cloak
rCorr  +         Warding  .     u - +0 pair of gloves
rMut   .         Stasis   .     (no barding)
MR     +....                    p - amulet of resist corrosion
Stlth  ++........               x - ring of invisibility
                                E - ring of protection from fire

@: repel missiles, very slow, somewhat resistant to hostile enchantments,
unstealthy
A: see invisible, deformed body, poison resistance, slowness 2, slow metabolism
1, spit poison 2, AC +4
a: Spit Poison, Bend Time, Temporal Distortion, Slouch, Step From Time, Renounce
Religion, Evoke Invisibility


You were on level 13 of the Dungeon.
You worshipped Cheibriados.
Cheibriados was extremely pleased with you.
You were not hungry.

You visited 2 branches of the dungeon, and saw 14 of its levels.

You collected 574 gold pieces.

Inventory:

Missiles
 a - 78 arrows
Armour
 f - a +0 helmet
 i - a +0 troll leather armour (worn)
 r - a +0 large shield
 t - a +2 cloak (worn)
 u - a +0 pair of gloves (worn)
Jewellery
 n - a +4 ring of strength
 o - an uncursed amulet of regeneration
 p - an amulet of resist corrosion (around neck)
 q - an uncursed ring of ice
 x - a ring of invisibility (right hand)
 E - a ring of protection from fire (left hand)
Magical devices
 w - a wand of polymorph (6)
 y - a wand of flame (22)
Scrolls
 b - 5 scrolls of fog
 e - 4 scrolls of remove curse
 g - 3 scrolls of teleportation
 h - 5 scrolls of identify
 B - 2 scrolls of amnesia
 F - a scroll of fear
Potions
 k - a potion of agility
 m - a potion of cure mutation
 z - 3 potions of flight
 A - 3 potions of cancellation
 H - a potion of mutation
 I - a potion of heal wounds
Books
 c - a book of Changes

   Spells                             Type                      Level
   a - Beastly Appendage              Transmutation                1
   b - Sticks to Snakes               Transmutation                2
   c - Spider Form                    Transmutation/Poison         3
   d - Ice Form                       Ice/Transmutation            4
   e - Blade Hands                    Transmutation                5
 C - a book of Callings

   Spells                             Type                      Level
   a - Summon Small Mammal            Summoning                    1
   b - Call Imp                       Summoning                    2
   c - Call Canine Familiar           Summoning                    3
   d - Summon Guardian Golem          Hexes/Summoning              3
   e - Summon Lightning Spire         Summoning/Air                4
   f - Summon Ice Beast               Ice/Summoning                4
 G - a book of Air

   Spells                             Type                      Level
   a - Shock                          Conjuration/Air              1
   b - Swiftness                      Charms/Air                   2
   c - Repel Missiles                 Charms/Air                   2
   d - Static Discharge               Conjuration/Air              3
   e - Lightning Bolt                 Conjuration/Air              5
Comestibles
 d - 9 bread rations
 j - 12 slices of pizza
 l - a meat ration
 v - a royal jelly
 D - 2 beef jerkies


   Skills:
 + Level 5.3 Fighting
 - Level 1.9 Dodging
 - Level 0.4 Stealth
 * Level 12.7 Unarmed Combat
 - Level 5.2 Spellcasting
 + Level 9.1 Transmutations
 - Level 5.1 Ice Magic
 + Level 3.5 Invocations
 - Level 6.2 Evocations


You had one spell level left.
You knew the following spells:

 Your Spells              Type           Power        Failure   Level  Hunger
a - Beastly Appendage     Trmt           ######       1%          1    None
b - Sticks to Snakes      Trmt           ######....   1%          2    None
c - Ice Form              Ice/Trmt       #####...     6%          4    ###....
d - Blade Hands           Trmt           ######....   8%          5    #####..
e - Repel Missiles        Chrm/Air       #.....       14%         2    None
f - Statue Form           Trmt/Erth      ####.....    99%         6    ######.


Dungeon Overview and Level Annotations

Branches:
Dungeon (14/15)            Temple (1/1) D:5            Lair (0/8) D:10
    Orc (0/4) D:10
 Vaults: D:13-14

Altars:
Ashenzari
Cheibriados
Dithmenos
Elyvilon
Fedhas
Gozag
Kikubaaqudgha
Makhleb
Nemelex Xobeh
Okawaru
Qazlal
Ru
Sif Muna
Trog
Vehumet
Xom
Yredelemnul
Zin
The Shining One

Shops:
D:7 *   D:14 =

Annotations:
D:13 Frances


Innate Abilities, Weirdness & Mutations

You cannot wear boots.
Your serpentine skin is tough (AC +4).
You have supernaturally acute eyesight.
Armour fits poorly on your strangely shaped body.
Your system is resistant to poisons.
You cover ground very slowly.
You have a slow metabolism.
You can spit poison.


Message History

Your water moccasin bites Frances.
Your adder closely misses the smoke demon.
The smoke demon gestures at you. The ball of steam misses your adder.
The ball of steam misses you.
Your adder closely misses the smoke demon.
Frances hits you from afar with a halberd!
* * * LOW HITPOINT WARNING * * *
Unknown command.
Read which item? (? for menu, Esc to quit)
Okay, then.
You swap places.
The sixfirhy hits your adder!
Your adder dies!
The sixfirhy is engulfed in a cloud of scalding steam.
The sixfirhy hits you.
* * * LOW HITPOINT WARNING * * *
The sixfirhy shocks you!
* * * LOW HITPOINT WARNING * * *
The sixfirhy is engulfed in a cloud of scalding steam.
The sixfirhy hits you!
You die...

........:.# #.# #
..........# #.# #
.......>..# #.# #
......[(..# #.# #
..........# #.#
.......S.4# #.#
.......S3@# #.#
........SS########.#
..........4@.......#
####################


You could see a sixfirhy, a friendly water moccasin and a friendly adder.

Vanquished Creatures
  A hydra (D:13)
  A centaur warrior (D:14)
  An unseen horror (D:10)
  A wizard (D:11)
  Pikel (D:7)
  3 hill giants
  A gargoyle (D:10)
  2 trolls
  Grinder (D:4)
  2 two-headed ogres
  A slime creature (D:14)
  A wyvern (D:14)
  5 yaks (D:14)
  A human (D:10)
  A deep elf mage (D:10)
  2 hogs (D:10)
  A hungry ghost (D:13)
  A hippogriff (D:8)
  3 wargs (D:10)
  Edmund (D:5)
  A mottled dragon (D:11)
  3 black bears
  3 orc warriors
  2 sky beasts
  2 wasps
  18 killer bees
  2 water moccasins
  A necrophage (D:9)
  2 centaurs
  4 phantoms
  5 ogres
  4 giant frogs
  A big kobold (D:8)
  A wyvern zombie (D:8)
  5 scorpions
  A water moccasin skeleton (D:8)
  4 wights (D:11)
  A quasit (D:9)
  5 crimson imps
  7 orc priests
  4 iguanas
  2 jellies
  4 giant frog zombies
  4 hounds
  Crazy Yiuf (D:4)
  A centaur skeleton (D:4)
  15 orc wizards
  A giant frog skeleton (D:7)
  Terence (D:2)
  8 worker ants
  2 sheep (D:10)
  A hound skeleton (D:4)
  2 worker ant zombies (D:7)
  20 adders
  10 gnolls
  2 shadow imps
  An ooze (D:3)
  2 adder skeletons
  An adder zombie (D:7)
  6 worms
  6 giant geckos
  49 orcs
  7 giant cockroaches
  6 goblins
  11 hobgoblins
  4 jackals (D:5)
  8 quokkas
  2 ball pythons
  6 bats
  A giant gecko skeleton (D:6)
  3 giant newts
  5 kobolds
  A quokka skeleton (D:7)
  5 rats
  A plant (D:1)
306 creatures vanquished.

Vanquished Creatures (collateral kills)
  A manticore (D:11)
  A cyclops (D:13)
  The ghost of Loris the Slicer, an experienced HEGl of Nemelex Xobeh (D:5)
  A basilisk (D:13)
  A black bear (D:9)
  2 ogres
  A centaur (D:10)
  Blork the orc (D:5)
  A scorpion (D:13)
  A wight (D:11)
  A hound skeleton (D:4)
12 creatures vanquished.

Vanquished Creatures (others)
  4 slaves (D:7)
  An orc warrior (D:13)
  A giant frog (D:5)
  A killer bee (D:7)
  An adder (D:7)
  A quokka skeleton (D:5)
9 creatures vanquished.

Grand Total: 327 creatures vanquished

Notes
Turn   | Place    | Note
--------------------------------------------------------------
     0 | D:1      | HungrySpirit the Naga Transmuter began the quest for the Orb.
     0 | D:1      | Reached XP level 1. HP: 18/18 MP: 3/3
   441 | D:1      | Reached XP level 2. HP: 23/25 MP: 5/5
  1027 | D:2      | Noticed Terence
  1100 | D:2      | Killed Terence
  1100 | D:2      | Reached XP level 3. HP: 7/32 MP: 6/6
  1223 | D:2      | Reached XP level 4. HP: 39/39 MP: 5/7
  1285 | D:2      | Reached skill level 4 in Unarmed Combat
  1952 | D:2      | Reached XP level 5. HP: 41/45 MP: 8/8
  2112 | D:3      | Learned a level 2 spell: Sticks to Snakes
  2117 | D:3      | Learned a level 4 spell: Ice Form
  2793 | D:3      | Reached skill level 5 in Unarmed Combat
  2870 | D:3      | Found a burning altar of Makhleb.
  2874 | D:3      | Reached XP level 6. HP: 46/52 MP: 10/10
  2910 | D:3      | Found a faded altar to an unknown god.
  3512 | D:4      | Noticed Grinder
  3863 | D:4      | Found a shimmering altar of Xom.
  3933 | D:4      | Reached skill level 6 in Unarmed Combat
  3933 | D:4      | Reached XP level 7. HP: 58/58 MP: 8/12
  3979 | D:4      | Paralysed by Grinder for 6 turns
  3987 | D:4      | Paralysed by Grinder for 3 turns
  4000 | D:4      | Killed Grinder
  4213 | D:4      | Noticed Crazy Yiuf
  4217 | D:4      | Killed Crazy Yiuf
  4388 | D:5      | Entered Level 5 of the Dungeon
  4388 | D:5      | Noticed Loris's ghost (experienced HEGl)
  4407 | D:5      | Killed Loris's ghost
  4407 | D:5      | Reached skill level 7 in Unarmed Combat
  4407 | D:5      | Reached XP level 8. HP: 35/66 MP: 7/14
  4424 | D:5      | Learned a level 5 spell: Blade Hands
  4560 | D:5      | Noticed Blork the orc
  4570 | D:5      | Killed Blork the orc
  4753 | D:5      | Reached skill level 5 in Transmutations
  4847 | D:5      | Noticed Edmund
  4872 | D:5      | Killed Edmund
  4872 | D:5      | Reached skill level 8 in Unarmed Combat
  5141 | D:5      | Found a staircase to the Ecumenical Temple.
  5312 | Temple   | Entered the Ecumenical Temple
  5660 | D:6      | Reached skill level 5 in Spellcasting
  5706 | D:6      | Reached skill level 1 in Ice Magic
  5760 | D:6      | Reached XP level 9. HP: 73/73 MP: 16/16
  5847 | D:6      | Found a blossoming altar of Fedhas.
  6341 | D:6      | Reached skill level 1 in Evocations
  6434 | D:7      | Noticed Pikel
  6441 | D:7      | Killed Pikel
  6441 | D:7      | Reached skill level 9 in Unarmed Combat
  7395 | D:7      | Found Qidesato's General Store.
  7756 | D:7      | Reached XP level 10. HP: 80/80 MP: 15/17
  7856 | D:8      | Found a glowing golden altar of the Shining One.
  7929 | D:8      | Reached skill level 10 in Unarmed Combat
  8691 | D:8      | Found a bloodstained altar of Trog.
  8691 | D:8      | Found a snail-covered altar of Cheibriados.
  8692 | D:8      | Found a blossoming altar of Fedhas.
  8698 | D:8      | Became a worshipper of Cheibriados the Contemplative
  9238 | D:9      | Acquired Cheibriados's first power
  9545 | D:10     | Entered Level 10 of the Dungeon
  9598 | D:10     | Reached skill level 5 in Ice Magic
  9729 | D:10     | Noticed an unseen horror
  9748 | D:10     | Killed an unseen horror
  9748 | D:10     | Reached skill level 11 in Unarmed Combat
  9797 | D:10     | Found a staircase to the Lair.
  9797 | D:10     | Noticed a hill giant
  9805 | D:10     | Reached skill level 5 in Evocations
  9825 | D:10     | Killed a hill giant
  9825 | D:10     | Reached XP level 11. HP: 23/88 MP: 15/18
 10263 | D:10     | Found a staircase to the Orcish Mines.
 10346 | D:10     | Noticed a hill giant
 10357 | D:10     | Killed a hill giant
 10479 | D:10     | Acquired Cheibriados's second power
 11064 | D:11     | Noticed a hill giant
 11085 | D:11     | Killed a hill giant
 11271 | D:11     | Acquired Cheibriados's third power
 11295 | D:11     | Reached skill level 12 in Unarmed Combat
 11341 | D:11     | Noticed a wizard
 11355 | D:11     | Killed a wizard
 11382 | D:11     | Learned a level 2 spell: Repel Missiles
 11467 | D:11     | Reached skill level 1 in Invocations
 11563 | D:11     | You fall through a shaft for 3 floors!
 11563 | D:14     | Found Oshoec's Jewellery Emporium.
 11563 | D:14     | Noticed a skeletal warrior
 11563 | D:14     | Noticed a skeletal warrior
 11567 | D:14     | Noticed a skeletal warrior
 11848 | D:13     | Noticed a centaur warrior
 11848 | D:13     | Noticed Frances
 11848 | D:13     | Noticed an unseen horror
 12139 | D:13     | Noticed a centaur warrior
 12140 | D:13     | Noticed a four-headed hydra
 12148 | D:14     | Killed a centaur warrior
 12230 | D:14     | Reached skill level 5 in Fighting
 12230 | D:14     | Reached XP level 12. HP: 53/103 MP: 19/19
 12315 | D:13     | Killed a four-headed hydra
 12319 | D:13     | Acquired Cheibriados's fourth power
 12479 | D:13     | Learned a level 6 spell: Statue Form
 12566 | D:13     | HP: 2/103 [sixfirhy[Frances] (9)]
 12566 | D:13     | Mangled by a sixfirhy

Vault maps used:
D:1:      onia_arrival_mini_maze
D:2:      uniq_terence
D:3:      ecumenical_altar_1, makhleb_blood_cavern_becter
D:4:      xom_teletrap_fun, first_bread, grunt_decor_arrowhead, uniq_grinder,
          uniq_crazy_yiuf_cottage
D:5:      temple_statues, lemuel_flamethrower_2, uniq_blork_the_orc, uniq_edmund
D:6:      fedhas_altar_2
D:7:      serial_shops, shop, kennysheep_another_room, uniq_pikel
D:8:      gammafunk_temple_overflow_claw, overflow_temple_1_default
D:10:     erik_lair_orcish_takeover, orc_0_dummy, grunt_livestock,
          due_unseen_surprise
D:11:     lightli_wizard_tower
D:13:     david_vaults_1, uniq_frances
D:14:     serial_shops, shop_fountains, shop, kennysheep_little_box,
          kennysheep_mini_moat, spider_trap
Temple:   minmay_temple_curvy_14

Action                   |  1- 3 |  4- 6 |  7- 9 | 10-12 || total
-------------------------+-------+-------+-------+-------++-------
Melee: Unarmed           |   135 |   331 |   374 |   583 ||  1423
 Cast: Beastly Appendage |     9 |    18 |    27 |    40 ||    94
       Sticks to Snakes  |       |     1 |    17 |    41 ||    59
       Repel Missiles    |       |       |       |     2 ||     2
       Blade Hands       |       |       |       |     1 ||     1
 Abil: Spit Poison       |       |       |     1 |     1 ||     2
       Evoke Invisibilit |       |       |       |     6 ||     6
  Use: Potion            |       |     4 |       |     4 ||     8
       Scroll            |       |       |    13 |     6 ||    19
 Stab: Distracted        |       |       |     1 |     4 ||     5
       Sleeping          |       |       |     3 |     3 ||     6
       Invisible         |       |       |       |    13 ||    13
  Eat: Chunk             |     1 |     8 |    11 |    11 ||    31
       Fruit             |       |       |     1 |     1 ||     2
       Pizza             |       |       |     1 |       ||     1
       Beef jerky        |       |       |       |     3 ||     3
